 Dungeon Crawl Stone Soup version 0.23-a0-303-gfcac5de (webtiles) character file.

2903 mopl the Jinx (level 9, -2/57 HPs)
             Began as a Demonspawn Enchanter on Oct 8, 2018.
             Was a Believer of Dithmenos.
             Slain by a hornet (9 damage)
             ... on level 7 of the Dungeon.
             The game lasted 00:18:21 (8258 turns).

mopl the Jinx (Demonspawn Enchanter)                Turns: 8258, Time: 00:18:22

Health: -2/57      AC: 14    Str:  9    XL:     9   Next: 49%
Magic:  6/16       EV: 15    Int: 17    God:    Dithmenos [**....]
Gold:   301        SH:  0    Dex: 16    Spells: 9/18 levels left

rFire    . . .     SeeInvis .   a - +0 dagger (speed)
rCold    . . .     Gourm    .   (no shield)
rNeg     . . .     Faith    .   V - +1 robe {MR+}
rPois    +         Spirit   .   s - +1 hat
rElec    .         Reflect  .   y - +0 cloak
rCorr    .         Harm     .   (no gloves)
MR       +....                  (no boots)
Stlth    +++++.....             h - amulet of magic regeneration
HPRegen  0.19/turn              G - ring of poison resistance
MPRegen  0.40/turn              o - +3 ring of evasion

@: marked, sanguine armour, slowed, wreathed by umbra, very slow
A: horns 2, demonic guardian 1, rot immunity, sanguine armour 2
a: Shadow Step, Renounce Religion


You were on level 7 of the Dungeon.
You worshipped Dithmenos.
Dithmenos was pleased with you.
You were not hungry.

You visited 2 branches of the dungeon, and saw 8 of its levels.

You collected 355 gold pieces.
You spent 54 gold pieces at shops.

Inventory:

Hand Weapons
 a - a +0 dagger of speed (weapon)
 B - a +1 long sword of holy wrath
Missiles
 w - 6 throwing nets (quivered)
 I - 29 poisoned needles
 S - 5 tomahawks
Armour
 b - a +0 robe
 s - a +1 hat (worn)
 t - a +0 large shield
 y - a +0 cloak (worn)
 F - the +0 helmet of the Boiling Point {-Tele rElec rPois Dex+3, unknown}
   (You found it on level 4 of the Dungeon)

   It affects your dexterity (+3).
   It insulates you from electricity.
   It protects you from poison.
   It prevents most forms of teleportation.
 V - a +1 robe of magic resistance (worn)
Jewellery
 e - an uncursed ring of see invisible
 h - an amulet of magic regeneration (around neck)
 o - a +3 ring of evasion (right hand)
 C - an uncursed ring of flight
 G - a ring of poison resistance (left hand)
 N - an uncursed amulet of rage
 P - an uncursed ring of ice
Wands
 n - a wand of paralysis (11)
 v - a wand of polymorph (13)
 x - a wand of acid (2)
 E - a wand of flame (13)
 Q - a wand of enslavement (7)
 U - a wand of digging (14)
Scrolls
 c - 6 scrolls of teleportation {unknown}
 f - 4 scrolls of remove curse {unknown}
 g - 2 scrolls of enchant weapon {unknown}
 i - 4 scrolls of enchant armour {unknown}
 m - 3 scrolls of amnesia {unknown}
 r - 6 scrolls of identify {unknown}
 u - 3 scrolls of blinking {unknown}
 A - 2 scrolls of fog {unknown}
 D - a scroll of fear {unknown}
 J - a scroll of vulnerability {unknown}
 L - a scroll of magic mapping {unknown}
 M - a scroll of random uselessness {unknown}
 T - a scroll of immolation {unknown}
Potions
 j - a potion of invisibility {unknown}
 k - a potion of magic {unknown}
 l - a potion of heal wounds
 p - a potion of cancellation {unknown}
 q - a potion of resistance {unknown}
 z - a potion of berserk rage {unknown}
 H - 2 potions of might
 K - 2 potions of haste
 O - a potion of brilliance {unknown}
 W - a potion of lignification {unknown}
Comestibles
 d - 9 rations


   Skills:
 - Level 0.8 Short Blades
 - Level 1.7 Dodging
 * Level 7.9 Stealth
 + Level 5.1 Spellcasting
 * Level 8.1 Hexes
 - Level 4.0 Ice Magic
 + Level 4.7 Invocations


You had 9 spell levels left.
You knew the following spells:

 Your Spells              Type           Power        Failure   Level  Hunger
a - Corona                Hex            ####...      1%          1    None
b - Ensorcelled Hibernat  Hex/Ice        ###...       1%          2    #......
c - Confuse               Hex            ####....     1%          3    ###....
d - Tukima's Dance        Hex            ####....     1%          3    ###....

Your spell library contained the following spells:

 Spells                   Type           Power        Failure   Level  Hunger
 Dazzling Spray           Conj/Hex       ###...       8%          3    ###....
 Summon Guardian Golem    Hex/Summ       ###.....     8%          3    ###....
 Magic Dart               Conj           #...         14%         1    None
 Summon Small Mammal      Summ           #...         14%         1    None
 Call Imp                 Summ           #.......     22%         2    #......
 Searing Ray              Conj           #.....       22%         2    #......
 Fulminant Prism          Conj/Hex       ###.......   26%         4    ####...
 Call Canine Familiar     Summ           #.......     38%         3    ###....
 Summon Ice Beast         Ice/Summ       ##......     52%         4    ####...
 Force Lance              Conj/Tloc      #.......     80%         4    ####...
 Iskenderun's Mystic Bla  Conj           #.......     80%         4    ####...
 Summon Lightning Spire   Summ/Air       #.......     80%         4    ####...


Dungeon Overview and Level Annotations

Branches:
Dungeon (7/15)             Temple (1/1) D:5

Altars:
Ashenzari
Cheibriados
Dithmenos
Elyvilon
Fedhas
Gozag
Hepliaklqana
Kikubaaqudgha
Makhleb
Nemelex Xobeh
Okawaru
Qazlal
Ru
Sif Muna
Trog
Uskayaw
Vehumet
Wu Jian
Xom
Yredelemnul
Zin
The Shining One

Shops:
D:6 =


Innate Abilities, Weirdness & Mutations

You have a pair of horns on your head.
A weak demonic guardian rushes to your aid.
You are immune to rotting.
When seriously injured, your bleeding wounds create thick armour. (AC +9)


Message History

Aiming: Ensorcelled Hibernation (safe; 1% risk of failure)
Press: ? - help, Shift-Dir - straight line, f/p - hornet
Aim: a hornet (umbra, chance to defeat MR: 45%)
The hornet resists with some effort.
Your quasit barely misses the hornet.
Your quasit misses the hornet. x2; The hornet stings you.
* * * LOW HITPOINT WARNING * * *
You feel yourself slow down.
Your quasit closely misses the hornet.
Your quasit misses the hornet.
Your quasit claws the hornet but does no damage.
Unknown command.
Casting: Ensorcelled Hibernation (safe; 1% risk of failure)
Confirm with . or Enter, or press ? or * to list all spells.
Aiming: Ensorcelled Hibernation (safe; 1% risk of failure)
Press: ? - help, Shift-Dir - straight line, f/p - hornet
Aim: a hornet (umbra, chance to defeat MR: 45%)
The hornet resists with some effort.
The hornet misses you.
Your quasit bites the hornet but does no damage.
Your quasit completely misses the hornet.
Your quasit claws the hornet.
The hornet stings you!
You die...

#.......)[...##)# .......
#............##[# #......
#............##)# #. #.....
#............##)# ##.##.....
######.....#.##.####[........
#.....')##)[.(..........
#.....#5...###..........
###.....#5#....'..........
........).@y....#..........
................#..........
..........................##
..........#'####..........##
..........#.# #..........'.
.........#.# #..........##
......####.# #..........#
##### #.# #..........# #.#
##..........#


You could see a hornet, a friendly quasit and a friendly shadow imp.

Vanquished Creatures
  Harold (D:7)
  A slime creature (D:7)
  Duvessa (D:7)
  A water moccasin (D:7)
  A sky beast (D:7)
  2 ogres
  Dowan (D:7)
  A wyvern skeleton (D:6)
  3 howler monkeys
  2 crimson imps
  A centaur zombie (D:7)
  9 jellies
  2 quasits
  3 hounds
  4 orc priests
  3 bullfrog skeletons (D:4)
  An iguana (D:4)
  Ijyb (D:3)
  Terence (D:2)
  Natasha (thrice) (D:2)
  3 orc wizards
  2 worker ants (D:5)
  A worker ant zombie (D:5)
  Robin (D:3)
  2 adders
  A gnoll (D:3)
  3 shadow imps
  14 oozes
  An adder zombie (D:7)
  2 worms
  3 leopard geckos
  11 orcs
  5 giant cockroaches
  16 goblins
  4 hobgoblins
  11 jackals
  5 kobolds
  A quokka (D:6)
  9 bats
  5 frilled lizards
  A jackal skeleton (D:5)
  A quokka skeleton (D:4)
  7 rats
151 creatures vanquished.

Vanquished Creatures (collateral kills)
  A sky beast (D:6)
  2 ogres (D:4)
  A necrophage (D:6)
  A howler monkey (D:7)
  2 jellies (D:7)
  An orc priest (D:7)
  2 orc wizards (D:7)
  Crazy Yiuf (D:3)
  An adder (D:7)
  3 orcs (D:6)
15 creatures vanquished.

Vanquished Creatures (others)
  A goblin (D:3)
  3 fungi (D:7)
4 creatures vanquished.

Grand Total: 170 creatures vanquished

Notes
Turn   | Place    | Note
-------+----------+-------------------------------------------
     0 | D:1      | mopl the Demonspawn Enchanter began the quest for the Orb.
     0 | D:1      | Reached XP level 1. HP: 13/13 MP: 3/3
   134 | D:1      | Found a glowing silver altar of Zin.
   136 | D:1      | Found a sparkling altar of Nemelex Xobeh.
   136 | D:1      | Found an ornate altar of the Wu Jian Council.
   138 | D:1      | Found a blossoming altar of Fedhas.
   138 | D:1      | Found a burning altar of Makhleb.
   138 | D:1      | Found a shimmering altar of Xom.
   767 | D:1      | Reached skill level 3 in Stealth
   767 | D:1      | Gained mutation: You have a pair of small horns on your
                  | head. [demonic ancestry]
   767 | D:1      | Reached XP level 2. HP: 12/19 MP: 3/5
   775 | D:1      | Learned a level 2 spell: Ensorcelled Hibernation
  1661 | D:2      | Noticed a howler monkey
  1706 | D:2      | Killed a howler monkey
  1706 | D:2      | Reached skill level 1 in Ice Magic
  1706 | D:2      | Gained mutation: When seriously injured, your bleeding
                  | wounds create armour. (AC +9) [demonic ancestry]
  1706 | D:2      | Reached XP level 3. HP: 22/24 MP: 1/6
  1738 | D:2      | Gained mutation: You have a pair of horns on your head.
                  | [demonic ancestry]
  1738 | D:2      | Reached XP level 4. HP: 17/30 MP: 3/7
  1746 | D:2      | Learned a level 3 spell: Confuse
  1794 | D:2      | Noticed Natasha
  1800 | D:2      | Killed Natasha
  2079 | D:2      | Noticed Terence
  2091 | D:2      | Killed Terence
  2091 | D:2      | Reached skill level 4 in Hexes
  2227 | D:2      | Noticed Natasha
  2258 | D:2      | Killed Natasha
  2258 | D:2      | Reached skill level 4 in Stealth
  2258 | D:2      | Reached XP level 5. HP: 4/35 MP: 1/9
  2584 | D:2      | Noticed Natasha
  2606 | D:2      | Killed Natasha
  2693 | D:3      | Noticed Robin
  3012 | D:3      | Killed Robin
  3027 | D:3      | Learned a level 3 spell: Tukima's Dance
  3160 | D:3      | Noticed Ijyb
  3506 | D:3      | Killed Ijyb
  3575 | D:3      | Gained mutation: A weak demonic guardian rushes to your
                  | aid. [demonic ancestry]
  3575 | D:3      | Reached XP level 6. HP: 24/41 MP: 2/10
  3837 | D:3      | Found a runed door.
  3965 | D:3      | Noticed Crazy Yiuf
  3974 | D:3      | Killed Crazy Yiuf
  4264 | D:4      | Reached skill level 3 in Spellcasting
  4264 | D:4      | Reached skill level 2 in Ice Magic
  4489 | D:4      | Reached skill level 5 in Hexes
  4598 | D:4      | Reached skill level 5 in Stealth
  4598 | D:4      | Gained mutation: You are immune to rotting. [demonic
                  | ancestry]
  4598 | D:4      | Reached XP level 7. HP: 46/46 MP: 1/11
  4867 | D:4      | Got an ichor-stained helmet
  5201 | D:5      | Entered Level 5 of the Dungeon
  5224 | D:5      | Found an opulent altar of Gozag.
  5311 | D:5      | Found a staircase to the Ecumenical Temple.
  5326 | D:5      | Found a bloodstained altar of Trog.
  5334 | Temple   | Entered the Ecumenical Temple
  5419 | Temple   | Became a worshipper of Dithmenos the Shadowed
  6137 | D:6      | Reached skill level 6 in Hexes
  6137 | D:6      | Reached skill level 3 in Ice Magic
  6213 | D:6      | Found Vepixigho's Jewellery Shoppe.
  6217 | D:6      | Bought a cursed ring of attention for 54 gold pieces
  6348 | D:6      | Reached skill level 1 in Invocations
  6348 | D:6      | Reached XP level 8. HP: 40/52 MP: 6/13
  6441 | D:6      | Reached skill level 6 in Stealth
  6886 | D:7      | Reached skill level 4 in Spellcasting
  6902 | D:7      | Noticed Dowan
  6903 | D:7      | Noticed Duvessa
  6926 | D:7      | Killed Duvessa
  6926 | D:7      | Reached skill level 2 in Invocations
  6932 | D:7      | HP: 1/52 [Dowan/shard of ice (24)]
  6933 | D:7      | Killed Dowan
  6966 | D:7      | Noticed a slime creature
  6980 | D:7      | Reached * piety under Dithmenos
  7206 | D:7      | Reached skill level 7 in Hexes
  7222 | D:7      | Reached skill level 3 in Invocations
  7225 | D:7      | Killed a slime creature
  7229 | D:7      | Reached skill level 7 in Stealth
  7465 | D:7      | Gained mutation: When seriously injured, your bleeding
                  | wounds create thick armour. (AC +9) [demonic ancestry]
  7465 | D:7      | Reached XP level 9. HP: 29/57 MP: 9/15
  7735 | D:7      | Reached skill level 4 in Ice Magic
  7759 | D:7      | Reached ** piety under Dithmenos
  8039 | D:7      | Found a shadowy altar of Dithmenos.
  8220 | D:7      | Noticed Harold
  8246 | D:7      | Killed Harold
  8246 | D:7      | Reached skill level 5 in Spellcasting
  8246 | D:7      | Reached skill level 8 in Hexes
  8246 | D:7      | Reached skill level 4 in Invocations
  8258 | D:7      | Slain by a hornet

Vault maps used:
D:1:      roderic_crop_circles_arrival_small, doesnt_xom_only_xom
D:2:      minmay_diamond_boxcup, uniq_terence, uniq_natasha
D:3:      roderic_roman_lattice, st_stairs_5, uniq_ijyb,
          uniq_crazy_yiuf_cottage, uniq_robin
D:4:      first_ration
D:5:      grunt_gozag_breadcrumbs, minmay_temple_entry_grid, basic_altar
D:6:      serial_shops, kennysheep_mini
D:7:      lemuel_slime, nicolae_dithmenos_through_a_glass_darkly, uniq_duvessa,
          uniq_harold
Temple:   compressed_dpeg_triangle_lava_temple

Skill      XL: |  1  2  3  4  5  6  7  8  9 |
---------------+----------------------------+-----
Stealth        | 3 4 5 7 |  7.9
Ice Magic      | 1 2 3 4 |  4.0
Hexes          | 4 5 6 7 8 |  8.1
Spellcasting   | 3 4 5 |  5.1
Invocations    | 1 3 4 |  4.7
Short Blades   | |  0.8
Dodging        | |  1.7

Action                   |  1- 3 |  4- 6 |  7- 9 || total
-------------------------+-------+-------+-------++-------
Melee: Dagger            |    97 |   167 |   299 ||   563
       Headbutt          |    10 |    21 |    65 ||    96
Throw: Throwing net      |       |       |     1 ||     1
 Cast: Corona            |     8 |       |     2 ||    10
       Ensorcelled Hiber |    10 |    44 |    62 ||   116
       Confuse           |       |    17 |    24 ||    41
       Tukima's Dance    |       |     3 |       ||     3
Evoke: Wand              |       |       |     1 ||     1
 Stab: Sleeping          |     9 |    19 |    33 ||    61
       Confused          |       |     8 |    10 ||    18
       Distracted        |       |     1 |     3 ||     4
       Held in net/web   |       |       |     2 ||     2
  Eat: Chunk             |     3 |    11 |    15 ||    29
       Ration            |       |     1 |       ||     1
Armor: Robe              |    16 |    31 |    61 ||   108
Dodge: Dodged            |    75 |   157 |   222 ||   454

Table legend:
 A = Non-vault XP
 B = Vault XP
 C = Vault XP percentage of total XP
 D = Non-vault monster count
 E = Vault monster count
 F = Vault count percentage of total count
                 A         B        C        D         E       F
            +---------+---------+-------+---------+---------+-------
      Total |    2176 |    1972 |  47.5 |     116 |      50 |  30.1
            +---------+---------+-------+---------+---------+-------
        D:1 |      13 |       0 |   0.0 |      10 |       0 |   0.0
        D:2 |     162 |      88 |  35.2 |      25 |      12 |  32.4
        D:3 |      41 |     104 |  71.7 |      14 |      11 |  44.0
        D:4 |     480 |       0 |   0.0 |      15 |       0 |   0.0
        D:5 |     286 |       0 |   0.0 |      12 |       0 |   0.0
        D:6 |     382 |       0 |   0.0 |      16 |       0 |   0.0
        D:7 |     768 |    1780 |  69.9 |      22 |      27 |  55.1
     Temple |      44 |       0 |   0.0 |       2 |       0 |   0.0
            +---------+---------+-------+---------+---------+-------
